 Dungeon Crawl Stone Soup version 0.29-a0-824-gd827844252 (webtiles) character file.

Game seed: 13963952638460178248

29 lesbiats the Conjurer (level 3, 0/15 HPs)
             Began as a Felid Conjurer on July 10, 2022.
             Succumbed to an adder's poison
             ... on level 2 of the Dungeon.
             The game lasted 00:05:13 (1376 turns).

lesbiats the Conjurer (Felid Conjurer)              Turns: 1376, Time: 00:05:13

Health: 0/15       AC:  1    Str:  1    XL:     3   Next: 1%
Magic:  3/7        EV: 17    Int: 21    God:
Gold:   92         SH:  0    Dex: 12    Spells: 3/6 levels left
                                        Lives:  0   Deaths: 0

rFire   . . .      SeeInvis +   (weapon unavailable)
rCold   + . .      Faith    .   (shield unavailable)
rNeg    . . .      Spirit   .   (body armour unavailable)
rPois   .          Reflect  .   (helmet unavailable)
rElec   .          Harm     .   (cloak unavailable)
rCorr   .          Rampage  .   (gloves unavailable)
Will    +....                   (boots unavailable)
Stlth   ++........              (no amulet)
HPRegen 0.05/turn               h - ring of protection from cold
MPRegen 0.10/turn               (no ring)

@: lethally poisoned (0 -> -2), quick
A: very small, claws 1, fangs 3, see invisible, speed 1, shaggy fur 1, stealthy
paws, no weapons or thrown items, no armour, multi-lived, clumsy 1,
strong-willed 1, weak 1
a: no special abilities


You were on level 2 of the Dungeon.
You visited 1 branch of the dungeon, and saw 2 of its levels.

You collected 92 gold pieces.

Inventory:

Jewellery
 h - a ring of protection from cold (left paw)
Scrolls
 b - a scroll of magic mapping {unknown}
 c - a scroll of teleportation
 g - a scroll of identify {unknown}
Potions
 a - a potion of magic
 e - a potion of lignification {unknown}
 f - a potion of degeneration {unknown}


   Skills:
 + Level 0.8 Fighting
 + Level 3.2 Dodging
 + Level 3.1 Stealth
 + Level 2.2 Spellcasting
 * Level 4.0 Conjurations


You had 3 spell levels left.
You knew the following spells:

 Your Spells              Type           Power      Damage    Failure   Level
a - Magic Dart            Conj           76%        1d6       2%          1
b - Searing Ray           Conj           38%        2d5       4%          2

Your spell library contained the following spells:

 Spells                   Type           Power      Damage    Failure   Level
 Dazzling Flash           Conj/Hex       20%        N/A       19%         3
 Scorch                   Fire           4%         2d5       22%         2
 Flame Wave               Conj/Fire      10%        2d5       54%         4
 Fulminant Prism          Conj/Hex       5%         3d7       54%         4
 Iskenderun's Mystic Bla  Conj/Tloc      10%        2d4       54%         4
 Summon Cactus Giant      Summ           1%         N/A       100%        6


Dungeon Overview and Level Annotations

Branches:
Dungeon (2/15)

Altars:


Innate Abilities, Weirdness & Mutations

You have sharp claws.
You have razor-sharp teeth.
You have supernaturally acute eyesight. (SInv)
You cover ground quickly. (Speed+)
You are covered in fur. (AC +1)
Your paws help you pounce on unaware monsters.
You are incapable of wielding weapons or throwing items.
You cannot wear armour.
You gain extra lives every three experience levels.
You are clumsy. (Dex -2)
You are strong-willed. (Will+)
You are weak. (Str -2)


Message History

You kill the kobold! (Press . to maintain the ray.)
The adder barely misses you. The adder bites you.
You are poisoned.
The adder poisons you!
You barely miss the adder.
The adder is almost dead.
You feel sick. The adder bites you.
You are lethally poisoned!
The adder poisons you!
Aiming: Magic Dart (safe; 3% risk of failure)
Press: ? - help, Q - select action, (/) - cycle Shift-Dir - straight line, f/p - adder
Aim: an adder (almost dead, 100% to hit)
The magic dart hits the adder.
You kill the adder!
You feel sick.
Your Stealth skill increases to level 3!
Your Conjurations skill increases to level 4!
You have reached level 3!
Your experience leads to an increase in your attributes!
Increase (S)trength, (I)ntelligence, or (D)exterity?
You feel clever. x2
There is a lethal amount of poison in your body!
It was a potion of mutation.
You feel extremely strange.
You feel clumsy.
You feel weaker.
You feel strong-willed.
You feel sick.
* * * LOW HITPOINT WARNING * * *
You feel sick.
* * * LOW HITPOINT WARNING * * *
You feel sick.
* * * LOW HITPOINT WARNING * * *
You feel sick.
You see here an adder corpse.
* * * LOW HITPOINT WARNING * * *
You feel sick.
Things that are here:
a +0 short sword; 3 stones; a kobold corpse
* * * LOW HITPOINT WARNING * * *
You feel sick.
You die...

... ...
... #.#
########.#
#......#.#
###<#.#
#).@..#
#.#.###
...#.#
#......#
########


There were no monsters in sight!

Vanquished Creatures
  An adder (D:2)
  4 endoplasms (D:1)
  2 goblins (D:1)
  2 hobgoblins (D:1)
  2 kobolds
  A quokka (D:1)
  2 ball pythons (D:1)
  2 frilled lizards (D:1)
  2 rats (D:1)
18 creatures vanquished.

Vanquished Creatures (others)
  A ball python (D:1)
1 creature vanquished.

Grand Total: 19 creatures vanquished

Notes
Turn   | Place    | Note
-------+----------+-------------------------------------------
     0 | D:1      | lesbiats the Felid Conjurer began the quest for the Orb.
     0 | D:1      | Reached XP level 1. HP: 7/7 MP: 4/4
   432 | D:1      | Reached XP level 2. HP: 8/12 MP: 4/6
   890 | D:1      | Learned a level 2 spell: Searing Ray
  1369 | D:2      | Reached skill level 4 in Conjurations
  1369 | D:2      | Reached XP level 3. HP: 8/15 MP: 2/7
  1369 | D:2      | Gained mutation: You are clumsy. (Dex -2) [potion of
                  | mutation]
  1369 | D:2      | Gained mutation: You are weak. (Str -2) [potion of
                  | mutation]
  1369 | D:2      | Gained mutation: You are strong-willed. (Will+) [potion of
                  | mutation]
  1376 | D:2      | Succumbed to an adder's poison

Illustrated notes

Levels and vault maps discovered:
D:1:      saegor_arrival_fortress, layout_rooms, serial_forest,
          infiniplex_forest_straight_4, infiniplex_forest_lined_room_3,
          infiniplex_forest_corner_1, infiniplex_forest_lined_room_,
          infiniplex_forest_clump_double, infiniplex_forest_end_2,
          infiniplex_forest_end_2, lemuel_flame_loot_1
D:2:      layout_loops_cross, basic_altar

Skill      XL: |  1  2 |
---------------+-------+-----
Dodging        | 3 |  3.2
Stealth        | 3 |  3.1
Conjurations   | 4 |  4.0
Fighting       | |  0.8
Spellcasting   | |  2.2

Action                   || total
-------------------------++-------
Melee: Unarmed           ||    14
 Cast: Magic Dart        ||    25
       Searing Ray       ||     1
  Use: Scroll            ||     1
       Potion            ||     1
Dodge: Dodged            ||    11

Table legend: (Time is in decaauts)
 A = Elapsed time spent in this place.
 B = Non-inter-level travel time spent in this place.
 C = Inter-level travel time spent in this place.
 D = Time resting spent in this place.
 E = Time spent auto-exploring this place.
 F = Levels seen in this place.
 G = Mean time per level.
                   A        B        C        D        E       F      G
               +--------+--------+--------+--------+--------+-----+--------+
         Total |   1225 |   1163 |     62 |    459 |    557 |   2 |  612.5 |
       Dungeon |   1225 |   1163 |     62 |    459 |    557 |   2 |  612.5 |
               +--------+--------+--------+--------+--------+-----+--------+

Top non-repeatable levels by time:
     D:1: 1212 daAuts
     D:2: 13 daAuts
